 Dungeon Crawl Stone Soup version 0.28.0-1-gb440e238dd (webtiles) character file.

Game seed: 10326423382047370335

7879 hawla the Cleaver (level 11, 0/85 HPs)
             Began as a Grey Draconian Conjurer on Feb 23, 2022.
             Was a Believer of Vehumet.
             Slain by a rust devil (4 damage)
             ... summoned by a kobold demonologist
             ... on level 10 of the Dungeon on Feb 24, 2022.
             The game lasted 00:29:20 (11211 turns).

hawla the Cleaver (Grey Draconian Conjurer)        Turns: 11211, Time: 00:29:21

Health: 0/85       AC: -10   Str:  9    XL:     11   Next: 2%
Magic:  16/36      EV: 13    Int: 25    God:    Vehumet [**....]
Gold:   245        SH:  0    Dex: 11    Spells: 8/20 levels left

rFire   . . .      SeeInvis .   k - +8 hand axe of Diosk {venom, rElec Will- Int+3}
rCold   . . .      Faith    .   (no shield)
rNeg    . . .      Spirit   .   (armour unavailable)
rPois   .          Reflect  .   (helmet restricted)
rElec   +          Harm     .   g - +0 cloak
rCorr   .          Rampage  .   a - +0 pair of gloves
Will    .....                   (no boots)
Stlth   ++........              b - amulet of regeneration
HPRegen 1.04/turn               r - ring of magical power
MPRegen 0.25/turn               B - ring of magical power

@: corroded, very slightly contaminated, slowed, very slow
A: AC +12, amphibious, unfitting armour, cold-blooded
a: Renounce Religion


You were on level 10 of the Dungeon.
You worshipped Vehumet.
Vehumet was pleased with you.
You visited 2 branches of the dungeon, and saw 11 of its levels.

You collected 623 gold pieces.
You spent 378 gold pieces at shops.

Inventory:

Hand Weapons
 k - the +8 hand axe of Diosk (weapon) {venom, rElec Will- Int+3}
   (You bought it in a shop on level 5 of the Dungeon)

   It poisons the flesh of those it strikes.
   Int:       It affects your intelligence (+3).
   rElec:     It insulates you from electricity.
   Will:      It decreases your willpower.
Missiles
 e - 10 boomerangs (quivered)
 s - 27 poisoned darts
 w - 6 atropa-tipped darts
 C - 6 javelins
 F - a curare-tipped dart
Armour
 a - a +0 pair of gloves (worn)
 g - a +0 cloak (worn)
Jewellery
 b - an amulet of regeneration (around neck)
 m - a ring of poison resistance
 r - a ring of magical power (left hand)
 t - an amulet of the acrobat
 A - a ring of willpower
 B - a ring of magical power (right hand)
 D - a ring of wizardry
 I - an amulet of guardian spirit
Wands
 o - a wand of paralysis (3)
 u - a wand of flame (17)
 x - a wand of digging (6)
Scrolls
 h - a scroll of summoning {unknown}
 i - 3 scrolls of amnesia
 j - a scroll of magic mapping
 l - a scroll of torment {unknown}
 p - 4 scrolls of teleportation {unknown}
 q - a scroll of silence
 v - a scroll of immolation {unknown}
 y - a scroll of blinking
 G - a scroll of noise {unknown}
Potions
 c - 2 potions of haste
 f - 2 potions of might
 n - 3 potions of curing
 z - 3 potions of flight {unknown}
 E - a potion of mutation {unknown}


   Skills:
 + Level 4.7 Fighting
 + Level 12.7 Axes
 - Level 1.0 Throwing
 - Level 4.0 Dodging
 - Level 4.0 Stealth
 - Level 5.0 Spellcasting
 + Level 7.4 Conjurations
 - Level 2.0 Translocations
 - Level 1.0 Transmutations
 - Level 2.0 Earth Magic
 - Level 1.0 Evocations


You had 8 spell levels left.
You knew the following spells:

 Your Spells              Type           Power      Damage    Failure   Level
a - Magic Dart            Conj           100%       1d8       1%          1
b - Searing Ray           Conj           86%        2d7       1%          2
c - Iskenderun's Mystic   Conj/Tloc      29%        2d7       12%         4
d - Irradiate             Conj/Tmut      13%        3d17      38%         5

Your spell library contained the following spells:

 Spells                   Type           Power      Damage    Failure   Level
 Foxfire                  Conj/Fire      96%        2x1d8     1%          1
 Stone Arrow              Conj/Erth      58%        3d10      3%          3
 Dazzling Flash           Conj/Hex       48%        N/A       5%          3
 Pain                     Necr           24%        1d5       9%          1
 Sublimation of Blood     Necr           6%         N/A       12%         2
 Portal Projectile        Hex/Tloc       22%        N/A       16%         3
 Fulminant Prism          Conj/Hex       12%        3d9       19%         4
 Call Canine Familiar     Summ           6%         N/A       24%         3
 Petrify                  Tmut/Erth      13%        N/A       41%         4
 Leda's Liquefaction      Hex/Erth       5%         N/A       47%         4
 Agony                    Necr           6%         N/A       92%         5
 Excruciating Wounds      Necr           3%         N/A       92%         5
 Lehudib's Crystal Spear  Conj/Erth      14%        10d5      100%        8
 Animate Armour           Summ/Erth      Unusable   N/A       N/A         4

Dungeon Overview and Level Annotations

Branches:
Dungeon (10/15)            Temple (1/1) D:7
   Lair: D:8-11         Orc: D:9-12

Altars:
Ashenzari
Cheibriados
Dithmenos
Elyvilon
Fedhas
Gozag
Hepliaklqana
Kikubaaqudgha
Makhleb
Nemelex Xobeh
Okawaru
Qazlal
Ru
Sif Muna
Trog
Uskayaw
Vehumet
Wu Jian
Xom
Yredelemnul
Zin
The Shining One

Shops:
D:1 [   D:2 ?   D:4 !   D:5 (   D:7 (

Annotations:
D:4 3 runed translucent doors, BigDaddyOpFi's ghost, amateur TrSu
D:5 2 transporters, Dvallin's ghost, weakling KoDe


Innate Abilities, Weirdness & Mutations

Your dull iron-grey scales are very hard. (AC +12)
You are amphibious.
You cannot fit into any form of body armour.
You are cold-blooded and may be slowed by cold attacks.


Message History

The ufetubus barely misses you. x2; The quasit closely misses you.
The quasit claws you.
The quasit claws you but does no damage.
The ufetubus hits you. The ufetubus misses you. The quasit misses you.
The quasit closely misses you.
The quasit claws you but does no damage.
The rust devil hits you. The rust devil corrodes you!
The orange demon misses you. The ufetubus misses you. x2
You feel very sick. The rust devil hits you!
* * * LOW HITPOINT WARNING * * *
The rust devil corrodes you! The orange demon stings you from afar!
* * * LOW HITPOINT WARNING * * *
You are lethally poisoned!
The orange demon poisons you! The quasit barely misses you.
The quasit completely misses you. The quasit closely misses you.
The rust devil misses you. The orange demon closely misses you.
You feel better. The quasit barely misses you. The quasit closely misses you.
The quasit completely misses you.
The kobold demonologist closely misses you.
The rust devil misses you. The orange demon barely misses you.
The kobold demonologist hits you with a +0 dagger.
* * * LOW HITPOINT WARNING * * *
Okay, then.
As you read the scroll of holy word, it crumbles to dust.
You speak a Word of immense power!
The ynoxinul convulses!
You kill the ynoxinul!
The ynoxinul disappears in a puff of smoke!
The ufetubus disappears in a puff of smoke! x3
The rust devil convulses!
The quasit convulses!
You kill the quasit!
The quasit disappears in a puff of smoke!
The orange demon convulses!
The rust devil hits you.
* * * LOW HITPOINT WARNING * * *
The rust devil corrodes you! The orange demon stings you from afar!
* * * LOW HITPOINT WARNING * * *
The kobold demonologist hits you with a +0 dagger.
* * * LOW HITPOINT WARNING * * *
The rust devil hits you.
You die...

###.......##.#...'..
....'.......##.###.#..
####.# #............#....
...... #5.......#.#.#....
......##§.......#.#.##..#
.......§###'###.#.#.##..#
.....)§4# #.# #.#.#.###..
.....)§4###.# #.#.#.# #.#
.....)§§@...# #.#.#.# #.#
.......K.#### #.#.#.# #..
.........# #.#.#.# #..
.........# #.#...# #..
#####'##.# #.##### #.# #.
#.# #.# #.. #. #.# #.#
####### #. #.# #.#
#...... #.###.#####


You could see an orange demon (summoned, dazed), a rust devil (summoned, dazed)
and a kobold demonologist.

Vanquished Creatures
  A two-headed ogre (D:8)
  A deep elf pyromancer (D:8)
  Joseph (D:7)
  Maggie (D:8)
  A kobold demonologist (D:10)
  A hornet (D:9)
  Grinder (D:6)
  2 wyverns (D:8)
  10 yaks (D:8)
  2 water moccasins
  2 sky beasts (D:6)
  2 orc warriors
  A hornet zombie (D:7)
  2 necrophages
  6 ogres
  2 centaurs
  A phantom (D:7)
  4 kobold brigands
  Blork the orc (D:5)
  3 bullfrogs
  A wyvern zombie (D:6)
  A water moccasin zombie (D:5)
  A scorpion (D:7)
  A wyvern skeleton (D:6)
  4 killer bees (D:10)
  2 electric eels (D:9)
  3 howler monkeys
  10 orc priests
  A centaur zombie (D:8)
  A centaur skeleton (D:7)
  A gnoll shaman (D:8)
  4 hounds
  4 jellies
  A bullfrog skeleton (D:6)
  An iguana (D:4)
  6 orc wizards
  A scorpion zombie (D:5)
  2 killer bee zombies
  15 gnolls
  7 adders
  3 shadow imps
  2 worms
  26 orcs
  10 bats
  5 endoplasms
  2 giant cockroaches
  4 goblins (D:1)
  9 hobgoblins
  3 jackals
  4 quokkas
  12 ball pythons
  A frilled lizard (D:2)
  27 kobolds
  A rat (D:1)
221 creatures vanquished.

Vanquished Creatures (others)
  2 fungi (D:4)
  4 plants (D:4)
6 creatures vanquished.

Grand Total: 227 creatures vanquished

Notes
Turn   | Place    | Note
-------+----------+-------------------------------------------
     0 | D:1      | hawla the Draconian Conjurer began the quest for the Orb.
     0 | D:1      | Reached XP level 1. HP: 14/14 MP: 3/3
    17 | D:1      | Found Ymehocupt's Armour Boutique.
   241 | D:1      | You fall into a shaft and drop 1 floor!
   276 | D:2      | Reached XP level 2. HP: 20/20 MP: 3/5
   279 | D:2      | Learned a level 2 spell: Searing Ray
   300 | D:2      | Found Piogoic's Magic Scroll Shoppe.
   304 | D:2      | Bought a scroll of identify for 24 gold pieces
   647 | D:1      | Found a faded altar of an unknown god.
  1052 | D:2      | Bought a scroll of identify for 24 gold pieces
  1088 | D:2      | Reached XP level 3. HP: 26/26 MP: 0/6
  1460 | D:2      | Reached skill level 5 in Conjurations
  1494 | D:2      | Reached XP level 4. HP: 23/33 MP: 2/7
  2168 | D:2      | Learned a level 4 spell: Iskenderun's Mystic Blast
  2276 | D:3      | Reached XP level 5. HP: 38/38 MP: 0/9
  3771 | D:4      | Noticed an ogre
  3778 | D:4      | Killed an ogre
  3779 | D:4      | Reached XP level 6. HP: 46/46 MP: 4/10
  4242 | D:4      | Found Licuic's Distillery.
  4249 | D:4      | Bought a potion of curing for 33 gold pieces
  4249 | D:4      | Bought a potion of lignification for 33 gold pieces
  4267 | D:4      | Found a runed translucent gate.
  4267 | D:4      | Found a runed translucent gate.
  4268 | D:4      | Found a runed translucent gate.
  4300 | D:4      | Noticed BigDaddyOpFi's ghost (amateur TrSu)
  4379 | D:4      | Found a stormy altar of Qazlal.
  4461 | D:5      | Entered Level 5 of the Dungeon
  4708 | D:5      | Found a transporter.
  4809 | D:5      | Found an opulent altar of Gozag.
  4831 | D:5      | Reached skill level 1 in Fighting
  4831 | D:5      | Reached skill level 1 in Translocations
  4831 | D:5      | Your scales start taking on a dull iron-grey colour.
  4831 | D:5      | Reached XP level 7. HP: 52/52 MP: 4/13
  4930 | D:5      | Noticed a two-headed ogre
  4930 | D:5      | Noticed Dvallin's ghost (weakling KoDe)
  5202 | D:5      | Found Myceh's Antique Weapon Shop.
  5272 | D:5      | Found a transporter.
  5651 | D:6      | Reached skill level 1 in Earth Magic
  5745 | D:6      | Reached XP level 8. HP: 50/61 MP: 1/15
  5876 | D:6      | Noticed Grinder
  5880 | D:6      | Reached skill level 1 in Throwing
  5883 | D:6      | Noticed Blork the orc
  5941 | D:5      | Killed Blork the orc
  5942 | D:5      | Reached skill level 5 in Spellcasting
  6490 | D:5      | Bought a sapphire hand axe for 264 gold pieces
  6490 | D:5      | Identified the +8 hand axe of Diosk {venom, rElec Will-
                  | Int+3} (You bought it in a shop on level 5 of the Dungeon)
  6626 | D:6      | Reached skill level 1 in Axes
  6632 | D:6      | Reached skill level 3 in Axes
  6786 | D:6      | Paralysed by Grinder for 3 turns
  6793 | D:6      | Killed Grinder
  6794 | D:6      | Reached skill level 4 in Axes
  6794 | D:6      | Reached skill level 1 in Evocations
  6794 | D:6      | Reached XP level 9. HP: 71/71 MP: 5/16
  6969 | D:6      | Reached skill level 5 in Axes
  7187 | D:6      | Identified the +0 scale mail of Beastly Tender Moments
                  | {Rampage Will+ Str+3 Slay-5}
  7661 | D:7      | Reached skill level 6 in Axes
  7979 | D:7      | Found a staircase to the Ecumenical Temple.
  7997 | Temple   | Entered the Ecumenical Temple
  8123 | Temple   | Became a worshipper of Vehumet
  8345 | D:7      | Found Ligaschad's Antique Weapon Shop.
  8369 | D:7      | Reached skill level 7 in Axes
  8393 | D:7      | Noticed Joseph
  8405 | D:7      | Killed Joseph
  8580 | D:7      | Reached skill level 8 in Axes
  8864 | D:8      | Reached skill level 9 in Axes
  8872 | D:8      | Reached XP level 10. HP: 78/78 MP: 17/17
  8884 | D:8      | Reached * piety under Vehumet
  8884 | D:8      | Offered knowledge of Sandblast by Vehumet.
  8969 | D:8      | Found a burning altar of Makhleb.
  8970 | D:8      | Found a shadowy altar of Dithmenos.
  8996 | D:8      | Reached skill level 10 in Axes
  9061 | D:8      | Found a broken altar of Ashenzari.
  9264 | D:8      | Noticed a deep elf pyromancer
  9279 | D:8      | Killed a deep elf pyromancer
  9506 | D:8      | Found an ancient bone altar of Kikubaaqudgha.
  9510 | D:8      | Noticed a two-headed ogre
  9524 | D:8      | Killed a two-headed ogre
  9525 | D:8      | Reached skill level 11 in Axes
  9678 | D:8      | Noticed Maggie
  9691 | D:8      | Killed Maggie
  9926 | D:8      | Reached skill level 12 in Axes
 10175 | D:9      | Learned a level 5 spell: Irradiate
 10383 | D:9      | Reached ** piety under Vehumet
 10383 | D:9      | Offered knowledge of Foxfire by Vehumet.
 10625 | D:9      | Reached skill level 1 in Transmutations
 10712 | D:10     | Entered Level 10 of the Dungeon
 11196 | D:10     | Noticed a sixfirhy
 11198 | D:10     | Noticed a rust devil
 11202 | D:10     | Reached XP level 11. HP: 76/85 MP: 18/18
 11211 | D:10     | HP: 4/85 [kobold demonologist (4)]
 11211 | D:10     | Slain by a rust devil

Illustrated notes

Levels and vault maps discovered:
D:1:      dpeg_arrival_rooms_a, layout_rooms,
          hellmonk_ecumenical_altar_crossroads, serial_shops,
          nicolae_diamond_shop
D:2:      layout_loops_ring, serial_shops, shop
D:3:      layout_basic, kennysheep_generic_room_12
D:4:      layout_cave_pools, nicolae_qazlal_eye_of_the_storm, serial_shops,
          nicolae_shop_stone, gammafunk_ghost_nasty_kobolds, serial_bayou_ford_a
D:5:      layout_basic, nicolae_gozag_seed_capital, serial_shops, shop,
          gammafunk_ghost_arena
D:6:      layout_basic, minmay_bent, uniq_grinder, uniq_blork_the_orc
D:7:      layout_loops_corners, temple_green, minmay_misc_feat_pillars,
          corner_web_ring, nicolae_take_the_stairs, uniq_joseph
D:8:      layout_basic, mainiacjoe_overflow_divided_tiny,
          grunt_temple_overflow_open, serial_bayou_pond_d, uniq_maggie
D:9:      layout_cave_pools, kennysheep_minor_cross
D:10:     layout_basic
Temple:   compressed_dpeg_circular_temple

Skill      XL: |  1  2  3  4  5  6  7  8  9 10 |
---------------+-------------------------------+-----
Stealth        | 2 3 4 |  4.0
Dodging        | 2 3 4 |  4.0
Conjurations   | 5 6 7 |  7.4
Spellcasting   | 3 4 5 |  5.0
Fighting       | 1 4 |  4.7
Translocations | 1 2 |  2.0
Earth Magic    | 1 2 |  2.0
Throwing       | 1 |  1.0
Axes           | 4 9 12 | 12.7
Evocations     | 1 |  1.0
Transmutations | 1 |  1.0

Action                   |  1- 3 |  4- 6 |  7- 9 | 10-12 || total
-------------------------+-------+-------+-------+-------++-------
Melee: Unarmed           |     4 |    73 |    62 |       ||   139
       Tailslap          |       |    11 |    30 |    21 ||    62
       Punch             |       |     3 |     1 |     2 ||     6
       Hand axe          |       |       |   144 |   158 ||   302
Throw: Boomerang         |       |       |     1 |       ||     1
 Cast: Magic Dart        |    23 |    15 |    12 |     2 ||    52
       Searing Ray       |    18 |    32 |    28 |     8 ||    86
       Iskenderun's Myst |       |     7 |    20 |    13 ||    40
Evoke: Wand              |       |       |     1 |       ||     1
  Use: Scroll            |     2 |     3 |     5 |     2 ||    12
       Potion            |       |       |     3 |     1 ||     4
 Stab: Sleeping          |       |     1 |     3 |     3 ||     7
       Distracted        |       |     1 |       |       ||     1
Armor: Skin              |     8 |    29 |   168 |    73 ||   278
Dodge: Dodged            |    22 |    71 |   173 |   107 ||   373
